 Dungeon Crawl Stone Soup version 0.18.1-48-g4cf74bf (webtiles) character file.

357 urioxis the Insei (level 6, 0/43 HPs)
             Began as a Merfolk Transmuter on July 15, 2016.
             Slain by Aquadorian's ghost (16 damage)
             ... on level 4 of the Dungeon on July 16, 2016.
             The game lasted 00:14:25 (3857 turns).

urioxis the Insei (Merfolk Transmuter)              Turns: 3857, Time: 00:14:26

Health: 0/43       AC:  2    Str:  9 (10) XL:     6   Next: 64%
Magic:  8/10       EV: 20    Int: 14 (15) God:
Gold:   221        SH:  0    Dex: 18 (19) Spells: 3 memorised, 2 levels left

rFire  . . .     SeeInvis .       - Unarmed
rCold  . . .     Gourm    .     (armour currently unavailable)
rNeg   . . .     Faith    .     (shield currently unavailable)
rPois  x         Spirit   .     (helmet currently unavailable)
rElec  .         Dismiss  .     (cloak currently unavailable)
rCorr  .         Reflect  .     (gloves currently unavailable)
SustAt .         Harm     .     (boots currently unavailable)
MR     .....                    (no amulet)
Stlth  ++........               (no ring)
                                p - ring of flight

@: lethally poisoned (0 -> -9), spider-form, not resistant to hostile
enchantments, unstealthy
A: (change form in water), (swift swim)
a: End Transformation, Evoke Flight


You were on level 4 of the Dungeon.
You were hungry.
You were a venomous arachnid creature.
You visited 1 branch of the dungeon, and saw 6 of its levels.

You collected 221 gold pieces.

Inventory:

Hand Weapons
 g - a +0 blowgun
Missiles
 a - 12 arrows
 k - 7 poisoned needles
Armour
 b - a +0 robe (melded)
 q - a +0 cloak (melded)
Jewellery
 p - a ring of flight (left front leg)
Scrolls
 e - 2 scrolls of enchant weapon {unknown}
 i - 3 scrolls of fog {unknown}
 l - a scroll of enchant armour {unknown}
 o - 3 scrolls of teleportation {unknown}
 r - 3 scrolls of identify {unknown}
 s - 3 scrolls of recharging {unknown}
Potions
 h - a potion of magic {unknown}
 j - a potion of agility
 n - a potion of lignification
 u - 2 potions of curing {unknown}
Books
 c - a book of Changes

   Spells                             Type                      Level
   a - Beastly Appendage              Transmutation                1
   b - Sticks to Snakes               Transmutation                2
   c - Spider Form                    Transmutation/Poison         3
   d - Ice Form                       Ice/Transmutation            4
   e - Blade Hands                    Transmutation                5
Comestibles
 d - 2 bread rations
 f - 2 beef jerkies
 m - 2 fruits
 t - a slice of pizza


   Skills:
 - Level 1.1 Fighting
 - Level 2.6 Dodging
 * Level 5.3 Unarmed Combat
 + Level 3.3 Spellcasting
 + Level 5.2 Transmutations
 - Level 2.5 Poison Magic


You had 2 spell levels left.
You knew the following spells:

 Your Spells              Type           Power        Failure   Level  Hunger
a - Beastly Appendage     Trmt           ###...       10%         1    #......
b - Spider Form           Trmt/Pois      ##........   32%         3    ###....
c - Blade Hands           Trmt           ###.......   87%         5    ######.


Dungeon Overview and Level Annotations

Branches:
Dungeon (6/15)
 Temple: D:4-7

Altars:
Ashenzari
Fedhas
Nemelex Xobeh
Pakellas
Qazlal
Xom

Annotations:
D:4 Aquadorian's ghost, amateur TrMo


Message History

You are poisoned.
The worker ant poisons you!
You hit the worker ant but do no damage.
The worker ant is poisoned.
The worker ant is heavily wounded.
You feel sick. The worker ant barely misses you.
You barely miss the worker ant.
The worker ant is heavily wounded.
You feel sick.
The phantom blinks!
The worker ant closely misses you.
You hit the worker ant.
You kill the worker ant!
You feel sick.
You barely miss Aquadorian's ghost.
You feel sick.
Aquadorian's ghost completely misses you.
You hit Aquadorian's ghost but do no damage.
You feel sick. Aquadorian's ghost hits you!
You hit Aquadorian's ghost.
Aquadorian's ghost is lightly damaged.
You feel sick. Aquadorian's ghost hits you!
You die...

. .... .....
..... # ......
#.######......
#.....sW.....W
#......#......
#.###..# .....
##.###..# ....
#.......# ###
####'####
#.......#
#.♣...♣.#
#.......#


You could see a phantom and Aquadorian's ghost.

Vanquished Creatures
  An orc priest (D:4)
  Crazy Yiuf (D:3)
  Natasha (thrice) (D:2)
  2 orc wizards (D:4)
  2 worker ants
  4 adders
  3 worms
  2 dart slugs (D:1)
  A giant gecko (D:3)
  3 orcs
  A giant cockroach (D:2)
  7 hobgoblins
  3 jackals (D:6)
  4 kobolds
  4 quokkas (D:3)
  6 bats
  A giant newt (D:3)
  7 goblins
  33 rats
88 creatures vanquished.

Vanquished Creatures (others)
  An ice dragon (D:3)
1 creature vanquished.

Grand Total: 89 creatures vanquished

Notes
Turn   | Place    | Note
--------------------------------------------------------------
     0 | D:1      | urioxis the Merfolk Transmuter began the quest for the Orb.
     0 | D:1      | Reached XP level 1. HP: 15/15 MP: 3/3
   139 | D:1      | Reached XP level 2. HP: 20/21 MP: 5/5
   383 | D:1      | Reached XP level 3. HP: 26/26 MP: 4/6
   388 | D:1      | Learned a level 3 spell: Spider Form
   732 | D:2      | Found a shattered altar of Ashenzari.
   915 | D:2      | Found a sparkling altar of Nemelex Xobeh.
   944 | D:2      | Noticed Natasha
   959 | D:2      | Killed Natasha
   959 | D:2      | Reached skill level 1 in Poison Magic
   959 | D:2      | Reached XP level 4. HP: 13/32 MP: 4/7
  1340 | D:2      | Noticed Natasha
  1348 | D:2      | Killed Natasha
  1607 | D:2      | Noticed Natasha
  1619 | D:2      | Killed Natasha
  1619 | D:2      | Reached XP level 5. HP: 13/37 MP: 4/9
  2217 | D:3      | Learned a level 5 spell: Blade Hands
  2307 | D:3      | You fall through a shaft for 3 floors!
  2419 | D:6      | Found a stormy altar of Qazlal.
  2425 | D:5      | Entered Level 5 of the Dungeon
  2504 | D:4      | Reached XP level 6. HP: 29/43 MP: 7/10
  2515 | D:4      | Reached skill level 5 in Unarmed Combat
  2748 | D:4      | Found a blossoming altar of Fedhas.
  2826 | D:3      | Reached skill level 5 in Transmutations
  3458 | D:2      | Found a shimmering altar of Xom.
  3724 | D:3      | Found an oddly glowing altar of Pakellas.
  3725 | D:3      | Noticed an ice dragon
  3741 | D:3      | Killed an ice dragon
  3755 | D:3      | Noticed Crazy Yiuf
  3763 | D:3      | Killed Crazy Yiuf
  3848 | D:4      | Noticed Aquadorian's ghost (amateur TrMo)
  3851 | D:4      | Noticed a phantom
  3857 | D:4      | Slain by Aquadorian's ghost

Skill      XL: |  1  2  3  4  5  6 |
---------------+-------------------+-----
Unarmed Combat | 4 5 |  5.3
Transmutations | 3 4 5 |  5.2
Poison Magic   | 1 2 |  2.5
Spellcasting   | 3 |  3.3
Fighting       | |  1.1
Dodging        | |  2.6

Action                   |  1- 3 |  4- 6 || total
-------------------------+-------+-------++-------
Melee: Unarmed           |    90 |   180 ||   270
       Headbutt          |     2 |     1 ||     3
       Punch             |       |     2 ||     2
 Fire: Blowgun           |       |     2 ||     2
 Cast: Beastly Appendage |     5 |     8 ||    13
       Spider Form       |     2 |    12 ||    14
  Use: Potion            |       |     7 ||     7
 Stab: Sleeping          |     7 |     1 ||     8
  Eat: Chunk             |       |    11 ||    11
Armor: Robe              |    15 |    18 ||    33
       Skin              |     2 |     4 ||     6
Dodge: Dodged            |    79 |   146 ||   225
